 Dungeon Crawl Stone Soup version 0.22-a0-425-g89d60a1 (webtiles) character file.

62323 Jynxie the Warrior (level 15, -10/160 HPs)
             Began as a Gargoyle Berserker on May 24, 2018.
             Was a High Priest of Trog.
             Mangled by an orc knight
             ... wielding a +0 broad axe
              (24 damage)
             ... on level 1 of the Orcish Mines.
             The game lasted 01:32:25 (22930 turns).

Jynxie the Warrior (Gargoyle Berserker)            Turns: 22930, Time: 01:32:26

Health: -10/160    AC: 27    Str: 26    XL:     15   Next: 5%
Magic:  15/15      EV:  2    Int:  8    God:    Trog [*****.]
Gold:   597        SH:  7    Dex: 18    Spells: 14/14 levels left

rFire    . . .     SeeInvis .   V - +2 eveningstar (drain)
rCold    . . .     Gourm    .   w - +1 buckler
rNeg     + + +     Faith    .   (armour currently unavailable)
rPois    ∞         Spirit   .   (helmet currently unavailable)
rElec    .         Reflect  .   (cloak currently unavailable)
rCorr    .         Harm     .   (gloves currently unavailable)
MR       +....     NoTele   +   (boots currently unavailable)
Stlth    ++........             D - amulet of the acrobat
HPRegen  0.36/turn              C - +4 ring of strength
MPRegen  0.14/turn              v - +4 ring of dexterity

@: tree-form, berserk cooldown, slowed, very slow
A: negative energy resistance 1, petrification resistance, rot immunity, AC +11
a: Berserk, Trog's Hand, Brothers in Arms, Renounce Religion


You were on level 1 of the Orcish Mines.
You worshipped Trog.
Trog was extremely pleased with you.
You were very hungry.
You were a tree.
You visited 3 branches of the dungeon, and saw 19 of its levels.
You also visited: Labyrinth and Ossuary.

You collected 1436 gold pieces.
You spent 839 gold pieces at shops.

Inventory:

Hand Weapons
 V - a +2 eveningstar of draining (weapon)
   (You found it on level 6 of the Lair of Beasts)
Missiles
 x - a javelin of penetration {!d}
 N - 2 tomahawks of returning
 Q - 11 silver javelins
 Y - a javelin (quivered)
Armour
 b - a +0 plate armour
   (You took it off an orc warrior on level 6 of the Dungeon)
 j - a +2 ring mail of poison resistance (melded)
   (You found it on level 9 of the Dungeon)
 w - a +1 buckler (worn)
   (You found it on level 4 of the Lair of Beasts)
 z - a +2 pair of boots (melded)
   (You found it on level 3 of the Dungeon)
 H - a +2 helmet (melded)
   (You found it on level 5 of the Dungeon)
 M - a +2 cloak of magic resistance (melded)
   (You found it on level 7 of the Dungeon)
 S - a +3 leather armour of magic resistance
   (You found it in a labyrinth)
Jewellery
 l - an uncursed ring of protection from magic
   (You found it in a labyrinth)
 v - a +4 ring of dexterity (right branch)
   (You found it on level 7 of the Dungeon)
 B - an uncursed ring of resist corrosion
   (You took it off an orc on level 3 of the Dungeon)
 C - a +4 ring of strength (left branch)
   (You found it on level 5 of the Lair of Beasts)
 D - an amulet of the acrobat (around neck)
   (You found it on level 4 of the Dungeon)
 P - the ring "Uriet" {Ice rPois}
   (You took it off a kobold on level 10 of the Dungeon)

   [ring of ice]

   It enhances your ice magic.
   It makes you vulnerable to fire.
   It protects you from cold.
   It protects you from poison.
 W - an uncursed ring of flight
   (You took it off a minotaur in a labyrinth)
Wands
 a - a wand of clouds (4)
   (You found it on level 9 of the Dungeon)
 c - a wand of disintegration (18) {!d}
   (You found it on level 6 of the Dungeon)
 d - a wand of iceblast (15)
   (You found it on level 2 of the Lair of Beasts)
 t - a wand of flame (89)
   (You found it on level 4 of the Dungeon)
 y - a wand of enslavement (17)
   (You found it on level 9 of the Dungeon)
 K - a wand of polymorph (7)
   (You found it on level 6 of the Dungeon)
Scrolls
 f - 4 scrolls of fear
 g - 4 scrolls of immolation {!r}
 k - 7 scrolls of teleportation {@r4}
 m - 11 scrolls of remove curse {@r2}
 n - 2 scrolls of vulnerability {!r}
 s - 2 scrolls of noise {!r}
 A - 4 scrolls of blinking
 L - a scroll of fog {unknown}
 O - 3 scrolls of magic mapping {unknown}
Potions
 h - 3 potions of lignification {!q}
 o - a potion of berserk rage
 p - a potion of ambrosia
 q - 3 potions of agility
 r - a potion of haste {@q3}
 u - 4 potions of flight
 E - 7 potions of invisibility
 F - a potion of magic
 G - 4 potions of mutation {!q}
 I - 5 potions of brilliance
 J - 4 potions of curing {@q1}
 R - a potion of resistance
Miscellaneous
 U - a phial of floods
   (You found it on level 6 of the Lair of Beasts)
 X - a box of beasts
Comestibles
 e - 39 rations {!d}
 i - 11 chunks of flesh


   Skills:
 * Level 17.4 Fighting
 - Level 14.0 Maces & Flails
 + Level 10.8 Throwing
 + Level 7.5 Armour
 - Level 1.5 Dodging
 - Level 1.2 Stealth
 + Level 6.2 Shields


You had 14 spell levels left.
You didn't know any spells.
Your spell library contained the following spells:

 Spells                   Type           Power        Failure   Level  Hunger
 Magic Dart               Conj           #...         41%         1    ##.....
 Bolt of Magma            Conj/Fire/Erth #.........   100%        5    ######.
 Ring of Flames           Chrm/Fire      #.........   100%        7    #######
 Summon Small Mammal      Summ           #...         41%         1    ##.....
 Iskenderun's Mystic Bla  Conj           #.......     99%         4    #####..
 Summon Ice Beast         Ice/Summ       #.......     99%         4    #####..
 Call Imp                 Summ           #.......     54%         2    ###....
 Regeneration             Chrm/Necr      #.........   78%         3    ####...
 Stone Arrow              Conj/Erth      #.....       78%         3    ####...
 Deflect Missiles         Chrm/Air       #.........   100%        6    #######
 Confusing Touch          Hex            #.....       41%         1    ##.....
 Passwall                 Tmut/Erth      #.........   54%         2    ###....
 Call Canine Familiar     Summ           #.......     78%         3    ####...
 Sandblast                Erth           #.....       41%         1    ##.....
 Excruciating Wounds      Chrm/Necr      #.........   100%        5    ######.
 Shroud of Golubria       Chrm/Tloc      #.........   54%         2    ###....
 Fulminant Prism          Conj/Hex       #.........   99%         4    #####..
 Dazzling Spray           Conj/Hex       #.....       78%         3    ####...
 Force Lance              Conj/Tloc      #.......     99%         4    #####..
 Spectral Weapon          Hex/Chrm       #.......     78%         3    ####...
 Searing Ray              Conj           #.....       54%         2    ###....
 Discord                  Hex            #.........   100%        8    #######
 Summon Lightning Spire   Summ/Air       #.......     99%         4    #####..
 Summon Guardian Golem    Hex/Summ       #.......     78%         3    ####...
 Summon Mana Viper        Hex/Summ       #.......     100%        5    ######.


Dungeon Overview and Level Annotations

Branches:
Dungeon (12/15)            Temple (0/1) D:6            Lair (6/6) D:9
 Shoals (0/4) Lair:4       Spider (0/4) Lair:2        Slime (0/5) Lair:5
    Orc (1/2) D:10

Altars:
Ashenzari
Dithmenos
Gozag
Hepliaklqana
Kikubaaqudgha
Qazlal
Ru
Sif Muna
Vehumet
Zin
Beogh
Jiyva

Shops:
D:6 [!?}

Portals:
Trove: D:10 (give 3 potions of resistance)


Innate Abilities, Weirdness & Mutations

You are resistant to torment.
((Your stone body is resilient. (AC +11)))
You are immune to poison.
((Your large and strong wings let you fly indefinitely.))
You resist negative energy. (rN+)
((You are resistant to electric shocks. (rElec)))
((You can survive without breathing.))
You are immune to petrification.
You are immune to rotting.


Message History

* * * LOW HITPOINT WARNING * * *
The orc knight burns you.
* * * LOW HITPOINT WARNING * * *
You feel a strong urge to attack something.
The orc knight no longer looks unusually strong.
You feel your anger nearly subside.
You are no longer berserk.
You are exhausted.
You feel yourself slow down.
Really quaff
h - 4 potions of lignification {!q}?
Okay, then.
Really quaff
h - 4 potions of lignification {!q}?
Uppercase [Y]es or [N]o only, please.
Really quaff
h - 4 potions of lignification {!q}?
You turn into a tree.
Your +2 cloak of magic resistance melds into your body.
Your +2 helmet melds into your body.
Your +2 pair of boots melds into your body.
Your +2 ring mail of poison resistance melds into your body.
You feel less resistant to hostile enchantments.
Your roots penetrate the ground.
The orc knight roars a battlecry!
The orc knight goes into a battle-frenzy!
You hear a shout! x2
You are too injured to fight recklessly!
You hit the orc knight but do no damage.
You drain the orc knight!
The orc knight hits you with a broad axe!
* * * LOW HITPOINT WARNING * * *
You hit the orc knight but do no damage.
The orc knight hits you but does no damage.
The orc warrior hits you with a mace!
* * * LOW HITPOINT WARNING * * *
You feel much better. You block the orc knight's attack.
The orc knight hits you from afar with a bardiche of flaming!
* * * LOW HITPOINT WARNING * * *
The orc knight burns you.
* * * LOW HITPOINT WARNING * * *
The orc warrior hits you but does no damage.
Your iron troll goes berserk!
You are feeling very hungry.
The orc knight hits you with a broad axe!
* * * LOW HITPOINT WARNING * * *
The orc knight hits you from afar with a bardiche of flaming!!
* * * LOW HITPOINT WARNING * * *
The orc knight burns you.
* * * LOW HITPOINT WARNING * * *
An orc warrior comes into view. It is wielding a war axe.
You block the orc warrior's attack.
The orc knight hits you with a broad axe!!
You die...

#...................#...#..
##.......#.......#.........
##....##...#.....#...#....
##...##......#..#....##..
#..........#....#...###.
##..............###...###
#...##....T....## ##.##
##...#.......#...# ###
#.....#.o♣.####.##
##..#.#..o..# #...#
#...####o#)####..##
##...##o##.......#
##..#...........##
##..)#.##........#
#...o########.#.##
##....(..# #####
#......o..#


You could see 3 orc knights, 2 orc warriors and a friendly iron troll (berserk).

Vanquished Creatures
  Gastronok (Lair:1)
  Kirke (Lair:4)
  A minotaur (Lab)
  An ettin (Orc:1)
  7 hydras
  2 two-headed ogres
  A tengu warrior (D:11)
  Sonja (Lair:4)
  2 orc knights (Orc:1)
  A wolf spider (Lair:2)
  An ugly thing (D:12)
  2 cyclopes (D:11)
  3 manticores (D:11)
  8 elephants
  4 black mambas
  A centaur skeleton (D:10)
  2 torpor snails
  20 spiny frogs
  2 gargoyles
  4 rime drakes
  6 komodo dragons
  4 jumping spiders (Lair:2)
  2 trolls
  3 tyrant leeches (Lair:6)
  23 blink frogs
  5 hippogriffs
  16 dream sheep
  3 wyverns
  46 yaks
  7 fire bats
  4 hogs (Lair:4)
  A steam dragon (D:8)
  2 basilisks
  6 vampire mosquitoes
  A soldier ant (D:11)
  A hell hound (D:8)
  14 water moccasins
  6 orc warriors
  6 sky beasts
  7 porcupines
  3 ice beasts
  A black bear (D:7)
  4 phantoms
  11 wolves
  10 ogres
  10 centaurs
  5 big kobolds
  15 crocodiles
  3 elf zombies (Ossuary)
  A gnoll sergeant (D:7)
  22 bullfrogs
  A wyvern skeleton (D:11)
  2 scorpions
  2 water moccasin skeletons
  7 killer bees
  A wight (D:11)
  2 electric eels (Lair:6)
  2 howler monkeys
  2 lava snakes (D:8)
  4 centaur zombies
  5 crimson imps
  A jelly (D:5)
  3 bullfrog zombies
  10 orc priests
  10 hounds
  A bullfrog skeleton (D:7)
  4 iguanas
  16 orc wizards
  Jessica (D:2)
  9 worker ants
  2 hell rats (Lair:4)
  3 big kobold zombies (Ossuary)
  A hound zombie (D:9)
  A hound skeleton (D:11)
  2 mummies (Ossuary)
  10 gnolls
  15 adders
  2 river rats (Lair:4)
  7 shadow imps
  An ooze (D:2)
  An adder skeleton (D:5)
  2 worms (D:2)
  7 leopard geckos
  43 orcs
  5 ball pythons
  3 giant cockroaches
  5 goblins
  3 hobgoblins
  8 jackals
  14 kobolds
  2 quokkas (D:4)
  11 bats
  8 frilled lizards
  3 gnoll zombies (Ossuary)
  2 goblin zombies
  2 hobgoblin zombies (Ossuary)
  A jackal zombie (D:7)
  2 orc zombies (Ossuary)
  A quokka skeleton (D:4)
  A quokka zombie (D:5)
  19 rats
  A rat zombie (D:6)
  3 fire vortices (D:8)
  A plant (Lair:6)
588 creatures vanquished.

Vanquished Creatures (others)
  A human (Lair:5)
  2 bushes (Lair:6)
  10 fungi (Lair:6)
  17 plants (Lair:6)
30 creatures vanquished.

Grand Total: 618 creatures vanquished

Notes
Turn   | Place    | Note
-------+----------+-------------------------------------------
     0 | D:1      | Jynxie the Gargoyle Berserker began the quest for the Orb.
     0 | D:1      | Reached XP level 1. HP: 14/14 MP: 1/1
   259 | D:1      | Reached XP level 2. HP: 6/19 MP: 2/2
   982 | D:2      | Reached XP level 3. HP: 24/24 MP: 3/3
   988 | D:2      | Reached skill level 4 in Fighting
  1311 | D:2      | Reached ** piety under Trog
  1537 | D:2      | Noticed Jessica
  1541 | D:2      | Killed Jessica
  1541 | D:2      | Reached XP level 4. HP: 28/30 MP: 4/4
  1548 | D:2      | You fall through a shaft for 2 floors!
  1751 | D:2      | Found a faded altar of an unknown god.
  2194 | D:3      | Reached skill level 1 in Throwing
  2194 | D:3      | Reached XP level 5. HP: 34/34 MP: 5/5
  2258 | D:3      | Reached skill level 5 in Fighting
  2895 | D:3      | Reached XP level 6. HP: 40/40 MP: 6/6
  3217 | D:4      | Found a shattered altar of Ashenzari.
  3235 | D:4      | Reached skill level 5 in Maces & Flails
  3532 | D:4      | Reached *** piety under Trog
  3532 | D:4      | Reached XP level 7. HP: 31/45 MP: 7/7
  3551 | D:4      | Reached skill level 6 in Fighting
  3956 | D:4      | Found a hazy altar of Hepliaklqana.
  3980 | D:4      | Found a sacrificial altar of Ru.
  4395 | D:5      | Entered Level 5 of the Dungeon
  4422 | D:5      | Reached skill level 7 in Fighting
  4422 | D:5      | Reached XP level 8. HP: 53/53 MP: 8/8
  4458 | D:5      | Found a glowing silver altar of Zin.
  4583 | D:5      | Found a stormy altar of Qazlal.
  4708 | D:5      | Found an opulent altar of Gozag.
  4811 | D:5      | Found an ancient bone altar of Kikubaaqudgha.
  5132 | D:5      | Found a shadowy altar of Dithmenos.
  5167 | D:6      | Found Yxaiw's Distillery.
  5182 | D:6      | Reached **** piety under Trog
  5256 | D:6      | Bought a potion of curing for 42 gold pieces
  5256 | D:6      | Bought a potion of heal wounds for 70 gold pieces
  5256 | D:6      | Bought a potion of lignification for 42 gold pieces
  5256 | D:6      | Bought a potion of invisibility for 112 gold pieces
  5256 | D:6      | Bought a potion of heal wounds for 70 gold pieces
  5260 | D:6      | Found Ihalo's Armour Shop.
  5268 | D:6      | Reached skill level 8 in Fighting
  5349 | D:6      | Received a gift from Trog
  5379 | D:6      | Reached XP level 9. HP: 60/60 MP: 9/9
  5526 | D:6      | Found a staircase to the Ecumenical Temple.
  5546 | D:6      | Found Waonitzi's Magic Scroll Shoppe.
  5582 | D:6      | HP: 1/60 [ogre/giant spiked club (21)]
  5853 | D:6      | Found Gumicoun's Gadget Shop.
  5882 | D:6      | Found a sand-covered staircase.
  5891 | Ossuary  | Entered an ossuary
  5909 | Ossuary  | Reached skill level 9 in Fighting
  6256 | D:6      | Bought a scroll of remove curse for 39 gold pieces
  6256 | D:6      | Bought a scroll of remove curse for 39 gold pieces
  6256 | D:6      | Bought a scroll of identify for 26 gold pieces
  6256 | D:6      | Bought a scroll of enchant armour for 97 gold pieces
  6256 | D:6      | Bought a scroll of enchant armour for 97 gold pieces
  6256 | D:6      | Bought a scroll of teleportation for 39 gold pieces
  6256 | D:6      | Bought a scroll of identify for 26 gold pieces
  6836 | D:7      | Received a gift from Trog
  6875 | D:7      | Reached skill level 5 in Throwing
  6960 | D:7      | Reached skill level 10 in Fighting
  7709 | D:8      | Reached XP level 10. HP: 68/68 MP: 10/10
  7713 | D:8      | Received a gift from Trog
  7989 | D:8      | Noticed a two-headed ogre
  7997 | D:8      | Killed a two-headed ogre
  8007 | D:8      | Noticed a two-headed ogre
  8270 | D:8      | Reached skill level 10 in Maces & Flails
  8298 | D:8      | Reached skill level 11 in Fighting
  9085 | D:9      | Found a staircase to the Lair.
  9532 | D:9      | Received a gift from Trog
  9720 | D:9      | Reached XP level 11. HP: 75/76 MP: 11/11
 10111 | D:9      | Found an ancient bone altar of Kikubaaqudgha.
 10111 | D:9      | Found a deep blue altar of Sif Muna.
 10113 | D:9      | Found a radiant altar of Vehumet.
 10117 | D:9      | Identified Sif Muna's Grimoire of Malediction
 10148 | D:10     | Entered Level 10 of the Dungeon
 10148 | D:10     | Found a staircase to the Orcish Mines.
 10187 | D:10     | Found a portal to a secret trove of treasure.
 10279 | D:10     | Got a vibrating tin ring
 10299 | D:10     | Reached skill level 12 in Fighting
 10608 | D:10     | Received a gift from Trog
 11278 | D:10     | Found a roughly hewn altar of Beogh.
 11501 | D:6      | Bought a potion of resistance for 140 gold pieces
 11670 | D:11     | Noticed a manticore
 11690 | D:11     | Killed a manticore
 11789 | D:11     | Identified the ring "Uriet" {Ice rPois} (You took it off a kobold on level 10 of the Dungeon)
 12116 | D:11     | Noticed a tengu warrior
 12141 | D:11     | Killed a tengu warrior
 12169 | D:11     | Noticed a cyclops
 12174 | D:11     | Killed a cyclops
 12188 | D:11     | Reached ***** piety under Trog
 12318 | D:11     | Reached skill level 13 in Fighting
 12343 | D:11     | Noticed a two-headed hydra
 12357 | D:11     | Killed a two-headed hydra
 12357 | D:11     | Reached XP level 12. HP: 74/84 MP: 12/12
 12575 | D:11     | Noticed a two-headed ogre
 12578 | D:11     | Killed a two-headed ogre
 13119 | Lair:1   | Entered Level 1 of the Lair of Beasts
 13452 | Lair:1   | Noticed Gastronok
 13500 | Lair:1   | Killed Gastronok
 13500 | Lair:1   | Received a gift from Trog
 13500 | Lair:1   | Reached skill level 14 in Fighting
 14759 | Lair:2   | Received a gift from Trog
 14775 | Lair:2   | Reached XP level 13. HP: 36/91 MP: 13/13
 15707 | Lair:2   | Found a hole to the Spider Nest.
 15721 | Lair:2   | Reached skill level 15 in Fighting
 16019 | Lair:3   | Reached skill level 1 in Stealth
 17198 | Lair:4   | Received a gift from Trog
 17210 | Lair:4   | Found a staircase to the Shoals.
 17364 | Lair:4   | Found a labyrinth entrance.
 17464 | Lair:4   | Received a gift from Trog
 17649 | Lab      | Entered a labyrinth
 17840 | Lab      | Noticed a minotaur
 17857 | Lab      | Killed a minotaur
 17857 | Lab      | Reached skill level 1 in Shields
 17920 | Lab      | Identified the Papyrus of Bewitchment
 17924 | Lab      | Identified the Collected Works on Talismans
 17927 | Lab      | Identified Sif Muna's Tome of the Rocks and Boosts
 17931 | Lab      | Got a pitted lead ring
 17988 | Lab      | Identified the ring "Ytarhit" {Wiz Dex+6 Slay-4} (You found it in a labyrinth)
 18105 | Lair:4   | Noticed Sonja
 18121 | Lair:4   | Killed Sonja
 18505 | Lair:4   | Received a gift from Trog
 18506 | Lair:4   | Got an ancient battleaxe {god gift}
 18526 | Lair:4   | Identified the +1 battleaxe of the Sneaky Queens {elec, rElec rN++ Dex+4 Stlth-} (Trog gifted it to you on level 4 of the Lair of Beasts)
 18567 | Lair:5   | Noticed Kirke
 18660 | Lair:4   | Killed Kirke
 18660 | Lair:4   | Reached skill level 16 in Fighting
 18660 | Lair:4   | Gained mutation: Your large and strong wings let you fly indefinitely. [Gargoyle growth]
 18660 | Lair:4   | Reached XP level 14. HP: 100/100 MP: 14/14
 18689 | Lair:5   | Reached skill level 5 in Armour
 18909 | Lair:5   | Found a viscous altar of Jiyva.
 18909 | Lair:5   | Found a staircase to the Slime Pits.
 18999 | Lair:5   | Reached skill level 10 in Throwing
 19770 | Lair:6   | Entered Level 6 of the Lair of Beasts
 20360 | Lair:6   | Received a gift from Trog
 20558 | Lair:6   | Reached skill level 5 in Shields
 20742 | Lair:6   | Reached skill level 17 in Fighting
 21065 | Lair:6   | Received a gift from Trog
 21471 | Lair:6   | Found an opulent altar of Gozag.
 22740 | Orc:1    | Entered Level 1 of the Orcish Mines
 22767 | Orc:1    | Reached XP level 15. HP: 107/107 MP: 15/15
 22930 | Orc:1    | Mangled by an orc knight

Vault maps used:
D:1:      minmay_arrival_three_doors, hex_large, minmay_rat_gold_closets
D:2:      chequers_ecumenical_altar_grove, minmay_tetromino_t4, uniq_jessica
D:3:      first_ration
D:4:      nicolae_overflow_hidden_temple, nicolae_ru_great_annihilating_truth,
          evilmike_ruin_ashenzari
D:5:      grunt_gozag_breadcrumbs, zin_statuary, overflow_temple_1_default,
          basic_altar, grunt_dithmenos_shadows
D:6:      minmay_temple_entry_statues, serial_shops, kennysheep_mini, shop,
          shop, shop_fountains, enter_ossuary_4, grunt_decor_mini_mirrors
D:8:      st_stairs_1, hangedman_incinerator
D:9:      grunt_temple_overflow_magic_moments, erik_lair_island
D:10:     minmay_orc_entry_temple_small, enter_trove_1
D:11:     minmay_ornate_pinched, hangedman_ranch, grunt_decor_arrowhead,
          kennysheep_generic_room_11
Lair:1:   uniq_gastronok
Lair:2:   spider_nest_entry_funnel_web, nicolae_volcano_entry_batcave,
          grunt_megastairs_2
Lair:4:   minmay_shoals_entry_centaurs, lab_entry_generic,
          kennysheep_abandoned_house, lemuel_fruit_tree, uniq_sonja
Lair:5:   slime_altar_1, uniq_kirke
Lair:6:   minmay_lair_end_frog_pond, basic_altar
Orc:1:    minmay_goldmine, special_room
Lab:      nicolae_lab_dead_adventurers
Ossuary:  minmay_ossuary_gauntlet

Skill      XL: |  1  2  3  4  5  6  7  8  9 10 11 12 13 14 |
---------------+-------------------------------------------+-----
Fighting       | 4 5 7 8 10 11 13 14 16 17 | 17.4
Maces & Flails | 4 5 6 7 9 10 12 13 14 | 14.0
Throwing       | 1 2 3 4 5 6 7 8 9 10 | 10.8
Stealth        | 1 |  1.2
Armour         | 4 7 |  7.5
Shields        | 2 6 |  6.2
Dodging        | |  1.5

Action                   |  1- 3 |  4- 6 |  7- 9 | 10-12 | 13-15 || total
-------------------------+-------+-------+-------+-------+-------++-------
Melee: Mace              |    21 |       |       |       |       ||    21
       Whip              |    61 |   168 |   496 |       |       ||   725
       Flail             |       |       |    60 |   564 |   389 ||  1013
       Eveningstar       |       |       |       |       |    85 ||    85
       Dire flail        |       |       |       |       |    23 ||    23
Throw: Javelin           |       |     4 |    20 |   248 |   335 ||   607
       Tomahawk          |       |       |       |     5 |    89 ||    94
Invok: Berserk           |       |     2 |     9 |     8 |     6 ||    25
       Trog's Hand       |       |     1 |     5 |     3 |     1 ||    10
       Brothers in Arms  |       |       |       |       |     1 ||     1
  Use: Scroll            |       |     4 |     9 |    11 |     5 ||    29
       Potion            |       |       |     1 |     2 |     2 ||     5
  Eat: Chunk             |     2 |     9 |    19 |    23 |    20 ||    73
       Ration            |       |       |     1 |     3 |     3 ||     7
Armor: Ring mail         |    11 |       |       |   204 |   229 ||   444
       Chain mail        |    32 |       |    42 |       |       ||    74
       Leather armour    |    11 |    17 |       |       |       ||    28
       Scale mail        |       |    54 |    83 |       |       ||   137
       Plate armour      |       |       |   147 |    93 |       ||   240
       Skin              |       |       |       |       |     2 ||     2
Dodge: Dodged            |    52 |    67 |   162 |   251 |   207 ||   739
Block: Buckler           |       |       |       |       |    66 ||    66

Table legend:
 A = Spawn XP
 B = Non-spawn XP
 C = Spawn XP percentage of total XP
 D = Spawn monster count
 E = Non-spawn monster count
 F = Spawn count percentage of total count
 G = Total turns spent on level
                    A         B        C        D         E        F      G
               +---------+---------+-------+---------+---------+-------+---------
         Total |       0 |   89033 |   0.0 |       0 |     584 |   0.0 | 22930
               +---------+---------+-------+---------+---------+-------+---------
           D:1 |       0 |      22 |   0.0 |       0 |      17 |   0.0 |   972
           D:2 |       0 |     100 |   0.0 |       0 |      20 |   0.0 |  1061
           D:3 |       0 |     203 |   0.0 |       0 |      34 |   0.0 |  1020
           D:4 |       0 |     873 |   0.0 |       0 |      44 |   0.0 |  1355
           D:5 |       0 |     323 |   0.0 |       0 |      17 |   0.0 |   764
           D:6 |       0 |    1447 |   0.0 |       0 |      24 |   0.0 |  1023
           D:7 |       0 |    1364 |   0.0 |       0 |      32 |   0.0 |  1523
           D:8 |       0 |    2716 |   0.0 |       0 |      23 |   0.0 |  1186
           D:9 |       0 |    2426 |   0.0 |       0 |      28 |   0.0 |  1341
          D:10 |       0 |    3110 |   0.0 |       0 |      34 |   0.0 |  1210
          D:11 |       0 |    8516 |   0.0 |       0 |      32 |   0.0 |  1429
          D:12 |       0 |    3191 |   0.0 |       0 |      22 |   0.0 |   649
        Lair:1 |       0 |    6957 |   0.0 |       0 |      26 |   0.0 |  1205
        Lair:2 |       0 |   10244 |   0.0 |       0 |      33 |   0.0 |  1639
        Lair:3 |       0 |    4478 |   0.0 |       0 |      22 |   0.0 |  1272
        Lair:4 |       0 |   10197 |   0.0 |       0 |      49 |   0.0 |  1233
        Lair:5 |       0 |   10026 |   0.0 |       0 |      37 |   0.0 |  1520
        Lair:6 |       0 |   18323 |   0.0 |       0 |      64 |   0.0 |  1655
         Orc:1 |       0 |    2811 |   0.0 |       0 |       9 |   0.0 |   190
           Lab |       0 |    1285 |   0.0 |       0 |       1 |   0.0 |   348
       Ossuary |       0 |     421 |   0.0 |       0 |      16 |   0.0 |   335
               +---------+---------+-------+---------+---------+-------+---------
